 Dungeon Crawl Stone Soup version bcrawl-1.19-7-g22fd707d3b (webtiles) character file.

Game seed: 11543528629280481854

213 Freyura the Skirmisher (level 5, 0/41 HPs)
             Began as a Demonspawn Fighter on Nov 17, 2019.
             Killed by nerve-wracking pain
             ... invoked by a shadow imp
              (11 damage)
             ... on level 3 of the Dungeon.
             The game lasted 00:09:29 (2326 turns).

Freyura the Skirmisher (Demonspawn Fighter)         Turns: 2326, Time: 00:09:30

Health: 0/41       AC: 17    Str: 17    XL:     5   Next: 59%
Magic:  5/5        EV:  8    Int:  9    God:
Gold:   114        SH: 10    Dex: 13    Spells: 4/4 levels left

rFire    . . .     SeeInvis .   a - +1 long sword
rCold    . . .     Gourm    .   c - +0 shield
rNeg     . . .     Faith    .   b - +0 scale mail
rPois    .         Spirit   .   q - +2 hat
rElec    .         Reflect  .   (no cloak)
rCorr    .         Harm     .   (no gloves)
MR       .....                  (no boots)
Stlth    ..........             (no amulet)
HPRegen  0.13/turn              (no ring)
MPRegen  0.09/turn              (no ring)

@: sanguine armour
A: talons 1, sanguine armour 2
a: no special abilities


You were on level 3 of the Dungeon.
You were hungry.

You visited 1 branch of the dungeon, and saw 3 of its levels.

You collected 114 gold pieces.

Inventory:

Hand Weapons
 a - a +1 long sword (weapon)
Armour
 b - a +0 scale mail (worn)
 c - a +0 shield (worn)
 q - a +2 hat (worn)
Scrolls
 e - 4 scrolls of teleportation
 g - a scroll of amnesia
 h - 3 scrolls of identify
 i - a scroll of enchant weapon
 j - a scroll of remove curse
Potions
 d - a potion of flight {unknown}
 k - a potion of ambrosia
Comestibles
 f - 5 rations {!d}


   Skills:
 + Level 3.6 Fighting
 * Level 3.5 Long Blades
 + Level 3.3 Armour
 + Level 1.8 Dodging
 + Level 3.3 Shields


You had 4 spell levels left.
You didn't know any spells.
Your spell library was empty.

Dungeon Overview and Level Annotations

Branches:
Dungeon (3/12)

Altars:


Innate Abilities, Weirdness & Mutations

You have sharp toenails.
When seriously injured, your bleeding wounds create thick armour. (AC +9)


Message History

The adder bites you but does no damage. The orc closely misses you.
An orc comes into view.
Things that are here:
a +0 whip; a +0 ring mail You slash the orc!
You kill the orc!
The adder closely misses you.
The shadow imp hits you but does no damage.
The orc wizard hits you with a +0 dagger.
* * * LOW HITPOINT WARNING * * *
You block the adder's attack.
A bat comes into view.
The orc wizard casts a spell at you. The magic dart hits you!
The bat moves out of view.
Things that are here:
a +0 hand axe; an orc corpse The shadow imp closely misses you.
The shadow imp gestures at you. Pain shoots through your body!
You die...

#.#.....##..##.# #.##
#.#.....##..##.# #.##
#.#.....##..##.# #.##
#...........##.######.##
###.....................
#.#######.##.######.## #.# #
#.# #.....
..#####.#######.##.####.#.##
.......gS5.@................
..#####bo#####.....####.#.##
#o.# #.......).##.#.## #..#
#.#.#####.##.#.## ...# #
#.##.#.# ....#
.#####.##.#.## .....#
.........#.#.## .......
...........#.## .....#
.........###.#.


You could see an orc wizard, an adder, a shadow imp, a hobgoblin and a bat.

Vanquished Creatures
  2 orc priests (D:3)
  8 gnolls
  4 dart slugs
  2 leopard geckos (D:2)
  11 orcs
  2 giant cockroaches (D:2)
  5 goblins
  3 hobgoblins
  4 jackals (D:2)
  A quokka (D:2)
  2 ball pythons (D:2)
  5 bats
  5 frilled lizards
  3 kobolds
  6 rats
63 creatures vanquished.

Notes
Turn   | Place    | Note
-------+----------+-------------------------------------------
     0 | D:1      | Freyura the Demonspawn Fighter began the quest for the Orb.
     0 | D:1      | Reached XP level 1. HP: 18/18 MP: 1/1
   199 | D:1      | Gained mutation: You have sharp toenails. [demonic
                  | ancestry]
   199 | D:1      | Reached XP level 2. HP: 24/24 MP: 2/2
   832 | D:2      | Gained mutation: When seriously injured, your bleeding
                  | wounds create armour. (AC +9) [demonic ancestry]
   832 | D:2      | Reached XP level 3. HP: 22/29 MP: 3/3
   838 | D:2      | HP: 1/29 [gnoll/+0 halberd (12)]
   844 | D:2      | Reached skill level 1 in Dodging
  1164 | D:2      | Gained mutation: When seriously injured, your bleeding
                  | wounds create thick armour. (AC +9) [demonic ancestry]
  1164 | D:2      | Reached XP level 4. HP: 29/35 MP: 4/4
  1958 | D:3      | Reached XP level 5. HP: 26/41 MP: 5/5
  2326 | D:3      | Killed from afar by a shadow imp

Skill      XL: |  1  2  3  4 |
---------------+-------------+-----
Long Blades    | 2 3 |  3.5
Armour         | 3 |  3.3
Dodging        | 1 |  1.8
Shields        | 3 |  3.3
Fighting       | |  3.6

Action                   |  1- 3 |  4- 6 || total
-------------------------+-------+-------++-------
Melee: Long sword        |    86 |   118 ||   204
       Kick              |    10 |    35 ||    45
  Use: Potion            |     3 |     1 ||     4
       Scroll            |       |    10 ||    10
 Stab: Invisible         |     2 |       ||     2
  Eat: Chunk             |       |     4 ||     4
Armor: Scale mail        |    25 |    48 ||    73
Dodge: Dodged            |    17 |    41 ||    58
Block: Shield            |    33 |    65 ||    98
